 Dungeon Crawl Stone Soup version 0.13.0-26-gf7ffa3a (webtiles) character file.

5152 Holgar the Basher (level 10, -2/118 HPs)
             Began as a Minotaur Berserker on Oct 31, 2013.
             Was a High Priest of Trog.
             Slain by an orc warrior
             ... wielding a +1,+1 orcish glaive
              (16 damage)
             ... on Level 8 of the Dungeon.
             The game lasted 00:41:29 (8086 turns).

Holgar the Basher (Minotaur Berserker)              Turns: 8086, Time: 00:41:30

HP  -2/118       AC 15     Str 29      XL: 10   Next: 22%
MP   3/3         EV 11     Int  4      God: Trog [*****.]
Gold 423         SH  0     Dex 11      Spells:  0 memorised,  9 levels left

Res.Fire  : . . .   See Invis. : .   F - +2 flail (holy)
Res.Cold  : . . .   Warding    : .   N - +0 orc plate armour
Life Prot.: . . .   Conserve   : .   (no shield)
Res.Poison: .       Res.Corr.  : .   (helmet restricted)
Res.Elec. : .       Clarity    : .   (no cloak)
Sust.Abil.: . .     Spirit.Shd : .   O - +0 pair of gauntlets (curse)
Res.Mut.  : .       Stasis     : .   (no boots)
Res.Rott. : .       Flight     : .   (no amulet)
Saprovore : . . .                    r - +3 ring of evasion
                                     M - ring of protection from magic

@: berserking, very quick, quite resistant to hostile enchantments, extremely
unstealthy
A: retaliatory headbutt, horns 2
a: Burn Spellbooks, Berserk, Trog's Hand, Brothers in Arms, Renounce Religion


You were on level 8 of the Dungeon.
You worshipped Trog.
Trog was extremely pleased with you.
You were not hungry.

You visited 1 branch of the dungeon, and saw 8 of its levels.

You collected 403 gold pieces.

Inventory:

Hand weapons
 E - a +0,+2 orcish morningstar
 F - a +2,+2 flail of holy wrath (weapon)
Armour
 N - a +0 orcish plate armour (worn)
 O - a cursed +0 pair of gauntlets (worn)
Magical devices
 a - a wand of fire (8)
 j - a wand of slowing (10)
 p - a wand of flame (14)
 v - a wand of draining (0)
 w - a wand of fireball (0)
 z - a wand of polymorph (11)
 A - a wand of fire (6)
 C - a wand of cold (9)
 D - a wand of lightning (8)
 I - a wand of slowing (10)
 L - a wand of heal wounds (6) {unknown}
Comestibles
 c - 2 bread rations
 d - an apple
 l - 10 grapes
 m - 3 meat rations
Scrolls
 b - 4 scrolls of teleportation
 e - a scroll of remove curse
 f - 5 scrolls of enchant weapon I
 i - 3 scrolls of enchant armour
 o - 2 scrolls of magic mapping
 t - a scroll of noise
 J - a scroll of blinking
Jewellery
 g - an uncursed ring of wizardry
 r - a +3 ring of evasion (right hand)
 s - an uncursed ring of positive energy
 K - an uncursed ring of magical power
 M - a ring of protection from magic (left hand)
Potions
 h - 3 potions of heal wounds
 k - a potion of magic
 n - 3 potions of speed
 q - 3 potions of brilliance
 u - 2 potions of flight {unknown}
 B - 3 potions of curing
 G - 2 potions of might
 H - a potion of agility {unknown}
Books
 x - a book of Spatial Translocations

   Spells                             Type                      Level
   Apportation                        Translocation                1
   Portal Projectile                  Translocation                2
   Blink                              Translocation                2
   Shroud of Golubria                 Charms/Translocation         2
   Teleport Other                     Translocation                3
   Passage of Golubria                Translocation                4
   Trog disapproves of the use of such an item.
 y - a book of Unlife

   Spells                             Type                      Level
   Recall                             Summoning/Translocation      3
   Animate Dead                       Necromancy                   4
   Control Undead                     Necromancy                   4
   Twisted Resurrection               Necromancy                   5
   Death Channel                      Necromancy                   6
   Simulacrum                         Ice/Necromancy               6
   Trog disapproves of the use of such an item.


   Skills:
 - Level 3.6 Fighting
 - Level 11.0 Maces & Flails
 + Level 8.8 Armour
 * Level 11.0 Dodging


You had 9 spell levels left.
You didn't know any spells.

Dungeon Overview and Level Annotations

Branches:
Dungeon (8/27)             Temple (0/1) D:4             Orc (0/4) D:8
   Lair: D:8-13

Altars:
Makhleb
Beogh


Innate Abilities, Weirdness & Mutations

You reflexively headbutt those who attack you in melee.
You have a pair of horns on your head.


Message History

You kill the orc!
Trog accepts your kill.
You bludgeon the orc!!
You feel the power of Trog in you as your rage grows.
You kill the orc!
Trog accepts your kill. Something appears at your feet! Trog grants you a gift!
You sock the orc!
The orc is almost dead.
The orc warrior hits you but does no damage.
You sock the orc!
You kill the orc!
Trog accepts your kill.
You sock the orc priest!
The orc priest is heavily wounded.
The orc warrior hits you from afar with an orcish glaive.
* * * LOW HITPOINT WARNING * * *
The orc warrior hits you from afar with an orcish glaive!
You die...

#.........#
#........########
#...)))..#......>.
##..[....#.........
#...)....#...⌠.._..⌠
#....(...#.ooooo...
###......#.ooooo8.
#........##8o8#####8'
#..........)@).......
#####............).......
#.............##########
#.#.#.#..#...##
.......##....##
..#.#.........#
..............#
..............#
######........#


You could see 2 orc warriors, 3 orc priests and 6 orcs.

Vanquished Creatures
  An unseen horror (D:8)
  Prince Ribbit (D:8)
  A wyvern (D:8)
  Eustachio (D:4)
  2 hippogriffs
  A hungry ghost (D:7)
  Menkaure (D:4)
  A black bear (D:6)
  2 ice beasts
  2 orc warriors (D:8)
  4 ogres
  2 centaurs
  A gnoll sergeant (D:8)
  Blork the orc (D:4)
  4 giant frogs
  3 wights (D:7)
  5 crimson imps
  A quasit (D:5)
  2 hounds
  2 orc priests
  A centaur zombie (D:7)
  2 goliath beetles
  A jelly (D:7)
  A giant frog skeleton (D:8)
  A giant frog zombie (D:7)
  11 orc wizards
  A yellow wasp zombie (D:6)
  4 iguanas
  A scorpion (D:4)
  A water moccasin skeleton (D:6)
  4 worker ants
  Ijyb (D:6)
  A mummy (D:8)
  12 adders
  22 gnolls
  4 green rats (D:6)
  A giant mite (D:3)
  3 worms
  An adder skeleton (D:5)
  2 giant eyeballs
  2 giant geckos
  An ooze (D:3)
  39 orcs
  17 bats
  A bat zombie (D:8)
  13 goblins
  14 hobgoblins
  7 jackals
  2 ball pythons
  6 giant cockroaches
  A giant gecko skeleton (D:5)
  A giant gecko zombie (D:6)
  A giant newt (D:2)
  A giant spore (D:7)
  A goblin skeleton (D:4)
  27 kobolds
  2 kobold skeletons
  An orc skeleton (D:5)
  An orc zombie (D:5)
  6 quokkas
  A quokka skeleton (D:7)
  12 rats
  A rat zombie (D:7)
  A ballistomycete (D:7)
272 creatures vanquished.

Vanquished Creatures (others)
  An orc (D:4)
  A hobgoblin (D:7)
2 creatures vanquished.

Grand Total: 274 creatures vanquished

Notes
Turn   | Place    | Note
--------------------------------------------------------------
     0 | D:1      | Holgar, the Minotaur Berserker, began the quest for the Orb.
     0 | D:1      | Reached XP level 1. HP: 19/19 MP: 0/0
   162 | D:1      | Reached skill level 4 in Maces & Flails
   277 | D:1      | Reached XP level 2. HP: 23/26 MP: 0/0
   565 | D:1      | Acquired Trog's second power
   713 | D:2      | Reached skill level 5 in Maces & Flails
   713 | D:2      | Reached XP level 3. HP: 27/33 MP: 1/1
  1308 | D:2      | Reached XP level 4. HP: 39/39 MP: 1/1
  1337 | D:2      | Reached skill level 6 in Maces & Flails
  1972 | D:3      | Reached skill level 7 in Maces & Flails
  1972 | D:3      | Reached XP level 5. HP: 46/46 MP: 1/1
  2467 | D:4      | Reached skill level 8 in Maces & Flails
  2472 | D:4      | Reached XP level 6. HP: 26/52 MP: 2/2
  2643 | D:4      | Acquired Trog's third power
  2667 | D:4      | Found a staircase to the Ecumenical Temple.
  2670 | D:4      | Noticed Menkaure
  2679 | D:4      | Killed Menkaure
  2679 | D:4      | Reached skill level 9 in Maces & Flails
  2799 | D:4      | Reached XP level 7. HP: 39/59 MP: 2/2
  2983 | D:4      | Noticed Blork the orc
  2989 | D:4      | Killed Blork the orc
  2989 | D:4      | Reached skill level 10 in Maces & Flails
  3263 | D:4      | Noticed Eustachio
  3276 | D:4      | Killed Eustachio
  3336 | D:4      | Reached skill level 11 in Maces & Flails
  3796 | D:5      | Entered Level 5 of the Dungeon
  3953 | D:5      | Reached XP level 8. HP: 66/66 MP: 2/2
  4790 | D:6      | Reached skill level 5 in Dodging
  4918 | D:6      | Reached skill level 5 in Armour
  5001 | D:6      | Noticed Ijyb
  5015 | D:6      | Killed Ijyb
  5366 | D:6      | Reached XP level 9. HP: 51/72 MP: 3/3
  5494 | D:6      | Found a burning altar of Makhleb.
  5873 | D:7      | Received a gift from Trog
  5874 | D:7      | Got a crude great sword {god gift}
  6549 | D:7      | Identified the great sword "Kuethriz" {god gift, freeze, rN+ Str-2 SInv} (Trog gifted it to you on level 7 of the Dungeon)
  6887 | D:8      | Reached skill level 10 in Dodging
  7273 | D:8      | Noticed Prince Ribbit
  7279 | D:8      | Killed Prince Ribbit
  7279 | D:8      | Reached XP level 10. HP: 59/79 MP: 3/3
  7670 | D:8      | Killed an unseen horror
  8064 | D:8      | Found a roughly hewn altar of Beogh.
  8066 | D:8      | Found a staircase to the Orcish Mines.
  8083 | D:8      | Received a gift from Trog
  8086 | D:8      | Slain by an orc warrior

Action                   |  1- 3 |  4- 6 |  7- 9 | 10-12 || total
-------------------------+-------+-------+-------+-------++-------
Melee: Mace              |    71 |    22 |       |       ||    93
       Flail             |       |    95 |   297 |    24 ||   416
       Morningstar       |       |       |   116 |    40 ||   156
Invok: Berserk           |       |     1 |     5 |     2 ||     8
       Trog's Hand       |       |       |       |     1 ||     1
       Brothers in Arms  |       |       |       |     1 ||     1
Evoke: Wand              |       |    17 |     8 |       ||    25
  Use: Potion            |       |     3 |       |       ||     3
       Scroll            |       |       |    21 |       ||    21
